 Dungeon Crawl Stone Soup version 0.19-a0-958-gd69d43c (webtiles) character file.

23 CInkIbrahim the Poker (level 2, 0/19 HPs)
             Began as an Octopode Gladiator on July 11, 2016.
             Slain by Natasha (8 damage)
             ... on level 2 of the Dungeon.
             The game lasted 00:00:29 (506 turns).

CInkIbrahim the Poker (Octopode Gladiator)           Turns: 506, Time: 00:00:30

Health: 0/19       AC:  1    Str: 14    XL:     2   Next: 95%
Magic:  2/2        EV: 13    Int: 10    God:
Gold:   50         SH:  0    Dex: 12    Spells: 0 memorised, 1 level left

rFire  . . .     SeeInvis .     a - +0 trident
rCold  + . .     Gourm    .     (no shield)
rNeg   . . .     Faith    .     b - +0 hat
rPois  .         Spirit   .     (no amulet)
rElec  .         Dismiss  .     o - ring of protection from cold
rCorr  .         Reflect  .     (no ring)
SustAt .         Harm     .     (no ring)
MR     .....                    (no ring)
Stlth  ++........               (no ring)
                                (no ring)
                                (no ring)
                                (no ring)

@: not resistant to hostile enchantments, unstealthy
A: almost no armour, amphibious, 8 rings, constrict 8, camouflage 1, gelatinous
body 1
a: no special abilities


You were on level 2 of the Dungeon.
You were not hungry.

You visited 1 branch of the dungeon, and saw 2 of its levels.

You collected 50 gold pieces.

Inventory:

Hand Weapons
 a - a +0 trident (weapon)
Missiles
 c - 3 throwing nets (quivered)
 e - 8 poisoned needles
Armour
 b - a +0 hat (worn)
Jewellery
 o - a ring of protection from cold (left tentacle)
Scrolls
 f - a scroll of enchant armour {unknown}
 g - a scroll of recharging {unknown}
 h - 3 scrolls of amnesia {unknown}
 i - a scroll of remove curse {unknown}
 n - a scroll of immolation {unknown}
Potions
 l - a potion of cure mutation {unknown}
 m - a potion of might {unknown}
Comestibles
 d - 2 bread rations
 j - a meat ration
 k - 2 beef jerkies


   Skills:
 - Level 2.0 Fighting
 + Level 4.0 Polearms
 - Level 2.0 Throwing
 - Level 3.0 Dodging


You had one spell level left.
You didn't know any spells.

Dungeon Overview and Level Annotations

Branches:
Dungeon (2/15)

Altars:

Annotations:
D:2 Natasha


Innate Abilities, Weirdness & Mutations

You cannot wear most types of armour.
You are amphibious.
You can wear up to eight rings at the same time.
You can use your tentacles to constrict eight enemies at once.
Your skin changes colour to match your surroundings (Stealth+).
Your rubbery body absorbs attacks. (AC +1)


Message History

The goblin shoots a stone.
The stone hits you!
You see here a stone.
There are monsters nearby!
Attack whom?
Press: ? - help, Dir - move target cursor, f - goblin
Aim: a goblin, wielding a hunting sling You reach to attack!
You puncture the goblin!
You kill the goblin!
Natasha is nearby!
Natasha stares at you and mumbles some strange words.
You resist with significant effort.
Natasha is nearby!
Attack whom?
Press: ? - help, Dir - move target cursor, f - Natasha
Aim: Natasha You reach to attack!
You closely miss Natasha. Natasha claws you.
You closely miss Natasha. Your grab misses Natasha.
Natasha claws you but does no damage.
You closely miss Natasha. Your grab misses Natasha. Natasha claws you!
You die...

# #### .. ... ##.#
#.#
.....#######.######.
....................
......h@(...<#
.....#######.# ##.
#.# #.# #.# ... ..#
#..


You could see Natasha.

Vanquished Creatures
  A giant cockroach (D:1)
  6 goblins
  4 hobgoblins (D:1)
  3 kobolds (D:1)
  A bat (D:1)
  A giant newt (D:1)
  3 rats (D:1)
19 creatures vanquished.

Notes
Turn   | Place    | Note
-------+----------+-------------------------------------------
     0 | D:1      | CInkIbrahim the Octopode Gladiator began the quest for the Orb.
     0 | D:1      | Reached XP level 1. HP: 14/14 MP: 1/1
   129 | D:1      | Reached XP level 2. HP: 17/19 MP: 2/2
   364 | D:1      | Reached skill level 4 in Polearms
   500 | D:2      | Noticed Natasha
   506 | D:2      | Slain by Natasha

Vault maps used:
D:1:      dpeg_arrival_pits, minmay_close_crescents
D:2:      lemuel_coloured_pillars_altar, nicolae_overflow_crystal_walls,
          uniq_natasha

Skill      XL: |  1  2 |
---------------+-------+-----
Polearms       | 4 |  4.0
Fighting       | |  2.0
Throwing       | |  2.0
Dodging        | |  3.0

Action                   || total
-------------------------++-------
Melee: Trident           ||    35
       Constrict         ||     7
       Tentacles         ||     4
 Stab: Sleeping          ||     6
Armor: Skin              ||     4
Dodge: Dodged            ||     6
